 Dungeon Crawl Stone Soup version 0.28.0-53-g5a82cb258f (webtiles) character file.

Game seed: 16061195689546823445

626 Legadrian the Skirmisher (level 7, 0/58 HPs)
             Began as a Human Fighter on July 1, 2022.
             Was an Initiate of Cheibriados.
             Slain by an ogre
             ... wielding a +0 giant club
              (26 damage)
             ... on level 5 of the Dungeon.
             The game lasted 00:17:49 (4914 turns).

Legadrian the Skirmisher (Human Fighter)            Turns: 4914, Time: 00:17:50

Health: 0/58       AC: 21    Str: 20    XL:     7   Next: 76%
Magic:  7/7        EV:  5    Int:  9    God:    Cheibriados [......]
Gold:   68         SH:  4    Dex: 13    Spells: 6/6 levels left

rFire   + . .      SeeInvis .   r - +9 falchion "Booggiuss" {protect, rF+}
rCold   . . .      Faith    .   c - +0 buckler
rNeg    . . .      Spirit   .   m - +0 plate armour
rPois   .          Reflect  .   w - +0 helmet
rElec   .          Harm     .   (no cloak)
rCorr   .          Rampage  .   (no gloves)
Will    .....                   x - +0 pair of boots
Stlth   ..........              (no amulet)
HPRegen 0.19/turn               (no ring)
MPRegen 0.10/turn               (no ring)

@: marked, under a protective aura, very slow
A: no striking features
a: Renounce Religion


You were on level 5 of the Dungeon.
You worshipped Cheibriados.
Cheibriados was noncommittal.
You visited 2 branches of the dungeon, and saw 6 of its levels.

You collected 166 gold pieces.
You spent 98 gold pieces at shops.

Inventory:

Hand Weapons
 a - a +0 flail
 e - a +1 dagger of holy wrath
 i - a +0 spear
 j - a +4 quarterstaff of chaos
 r - the +9 falchion "Booggiuss" (weapon) {protect, rF+}
   (You found it on level 4 of the Dungeon)

   It grants its wielder temporary protection when it strikes (+7 to AC).
   rF:        It protects you from fire.
Armour
 c - a +0 buckler (worn)
 h - a +0 cloak
 m - a +0 plate armour (worn)
 p - a scarf of repulsion
 w - a +0 helmet (worn)
 x - a +0 pair of boots (worn)
Magical Staves
 s - a staff of fire
 v - a staff of air
Jewellery
 y - an amulet of reflection
 z - a +4 ring of evasion
Wands
 d - a wand of polymorph (13)
Scrolls
 g - a scroll of fog
 k - a scroll of silence
 o - a scroll of blinking
 q - a scroll of noise
Potions
 b - a potion of heal wounds {unknown}
 f - a potion of berserk rage {unknown}
 l - 4 potions of curing
 n - a potion of degeneration {unknown}
 t - a potion of resistance {unknown}
 u - a potion of haste {unknown}


   Skills:
 - Level 6.2 Fighting
 + Level 3.0 Long Blades
 - Level 2.0(2.7) Maces & Flails
 - Level 2.9(3.2) Staves
 + Level 4.3 Armour
 - Level 3.0 Shields


You had 6 spell levels left.
You didn't know any spells.
Your spell library was empty.

Dungeon Overview and Level Annotations

Branches:
Dungeon (5/15)             Temple (1/1) D:4

Altars:
Cheibriados
Dithmenos
Elyvilon
Fedhas
Gozag
Makhleb
Okawaru
Ru
Uskayaw
Xom
The Shining One

Shops:
D:4 ?([[

Portals:
Sewer: D:5


Message History

Cheibriados appreciates the change of pace.
You closely miss the rat.
The rat bites you but does no damage. x2
You hit the rat.
You kill the rat!
Cheibriados appreciates the change of pace.
The rat bites you but does no damage.
A howler monkey zombie comes into view.
The rat bites you but does no damage.
Things that are here:
a rat corpse; an adder corpse; a ball python corpse You slash the rat!
You kill the rat!
Cheibriados appreciates the change of pace.
Found a stone staircase leading down.
You see here a rat corpse.
You see here a +4 ring of evasion.
You slash the howler monkey zombie!
The howler monkey zombie is heavily damaged.
The howler monkey zombie barely misses you.
You slash the howler monkey zombie!
The howler monkey zombie is almost destroyed.
The howler monkey zombie hits you.
An ogre comes into view. It is wielding a +0 giant club.
You slash the howler monkey zombie!
You destroy the howler monkey zombie!
Cheibriados thoroughly appreciates the change of pace.
Your Long Blades skill increases to level 3!
z - a +4 ring of evasion You enter the shallow water.
Moving in this stuff is going to be slow.
An ogre comes into view. It is wielding a +0 giant club.
The ogre hits you with a +0 giant club!
Your unstable footing causes you to fumble your attack.
The ogre hits you with a +0 giant club!
Your unstable footing causes you to fumble your attack.
You slash the ogre!
Your weapon exudes an aura of protection.
The ogre is moderately wounded.
The ogre hits you with a +0 giant club!!
You die...

#. #. .#.###
#.##.##.#....
#..........#
#>.........+
#....≈≈≈...#
#...≈≈≈≈≈..#
####...≈≈∩≈≈..#
.......≈@O≈≈..#
#......≈≈≈...#
#.##.........#
#..†...O...#
#.#†##.#...#
#.#†# .#.... #
#.#.# .# ..#
..#..#.#.##.#...#
#......†....#...


You could see 2 ogres.

Vanquished Creatures
  An ogre (D:5)
  A phantom (D:4)
  2 jellies (D:4)
  A howler monkey (D:4)
  A hound (D:5)
  Crazy Yiuf (D:2)
  Terence (D:2)
  2 orc wizards (D:4)
  A howler monkey zombie (D:5)
  A gnoll (D:1)
  10 adders
  3 worms (D:2)
  3 dart slugs
  7 orcs
  4 endoplasms
  2 giant cockroaches
  5 goblins
  8 hobgoblins
  5 jackals
  8 kobolds
  4 quokkas
  2 ball pythons (D:5)
  4 bats
  8 rats
85 creatures vanquished.

Notes
Turn   | Place    | Note
-------+----------+-------------------------------------------
     0 | D:1      | Legadrian the Human Fighter began the quest for the Orb.
     0 | D:1      | Reached XP level 1. HP: 18/18 MP: 1/1
   126 | D:1      | Reached XP level 2. HP: 24/24 MP: 2/2
   585 | D:1      | Reached skill level 4 in Fighting
   585 | D:1      | Reached XP level 3. HP: 10/30 MP: 3/3
  1841 | D:2      | Reached XP level 4. HP: 31/38 MP: 4/4
  2077 | D:2      | Found a runed translucent door.
  2078 | D:2      | Noticed Crazy Yiuf
  2085 | D:2      | Killed Crazy Yiuf
  2086 | D:2      | Reached skill level 5 in Fighting
  2086 | D:2      | Reached XP level 5. HP: 41/44 MP: 5/5
  2533 | D:2      | Found a faded altar of an unknown god.
  2600 | D:2      | Noticed Terence
  2608 | D:2      | Killed Terence
  2821 | D:3      | Found a blossoming altar of Fedhas.
  2838 | D:3      | Reached skill level 6 in Fighting
  2965 | D:3      | Reached XP level 6. HP: 52/52 MP: 6/6
  3058 | D:3      | Found a sacrificial altar of Ru.
  3321 | D:3      | Reached skill level 1 in Staves
  3834 | D:4      | Identified the +9 falchion "Booggiuss" {protect, rF+}
  3861 | D:4      | Found a staircase to the Ecumenical Temple.
  3943 | D:4      | Reached skill level 1 in Long Blades
  3947 | D:4      | Reached XP level 7. HP: 53/58 MP: 7/7
  4147 | D:4      | Found Iserofor's Armour Shop.
  4155 | D:4      | Bought a +0 helmet for 49 gold pieces
  4155 | D:4      | Bought a +0 pair of boots for 49 gold pieces
  4168 | D:4      | Found Xatt's Weapon Boutique.
  4310 | D:4      | Found Tyikiax's Antique Armour Emporium.
  4540 | D:4      | Found Yxiamuiz's Magic Scroll Boutique.
  4616 | Temple   | Entered the Ecumenical Temple
  4690 | Temple   | Became a worshipper of Cheibriados the Contemplative
  4790 | D:5      | Entered Level 5 of the Dungeon
  4892 | D:5      | Found a glowing drain.
  4914 | D:5      | Slain by an ogre

Illustrated notes

Levels and vault maps discovered:
D:1:      wander_arrival_fairy_ring, layout_basic
D:2:      layout_basic, chequers_ecumenical_altar_simple_redux,
          minmay_misc_feat_diagonals, uniq_crazy_yiuf_cottage, uniq_terence
D:3:      layout_basic, fedhas_altar_2, mainiacjoe_overflow_small_starburst
D:4:      layout_gridville, minmay_temple_entry_slanted, serial_shops, shop,
          shop, shop, nicolae_square_shop, grunt_ministairs_8,
          minmay_misc_feat_chi
D:5:      layout_basic, serial_shops, nicolae_shop_waterfront,
          portal_sewer_entry_a, chequers_serial_rivers_micro_b
Temple:   nicolae_temple_figure_zero

Skill      XL: |  1  2  3  4  5  6  7 |
---------------+----------------------+-----
Fighting       | 4 5 6 |  6.2
Staves         | 2 |  2.9
Long Blades    | 1 3 |  3.0
Armour         | 4 |  4.3
Maces & Flails | |  2.0
Shields        | |  3.0

Action                   |  1- 3 |  4- 6 |  7- 9 || total
-------------------------+-------+-------+-------++-------
Melee: Dagger            |   142 |    51 |       ||   193
       Flail             |     5 |       |     2 ||     7
       Quarterstaff      |       |    89 |       ||    89
       Falchion          |       |    12 |    30 ||    42
  Use: Scroll            |     2 |     2 |       ||     4
       Potion            |       |     2 |       ||     2
Armor: Scale mail        |    43 |    28 |       ||    71
       Plate armour      |       |    74 |    22 ||    96
Dodge: Dodged            |    49 |    52 |     5 ||   106
Block: Buckler           |    22 |     8 |     2 ||    32
